 Dungeon Crawl Stone Soup version 0.30-a0-840-ga523dec638 (webtiles) character file.

Game seed: 373005788279660353

85 Valamore the Slasher (level 4, -4/37 HPs)
             Began as a Demonspawn Monk on Mar 2, 2023.
             Blown up by Ijyb (7 damage)
             ... with a mindburst bolt
             ... on level 3 of the Dungeon.
             The game lasted 00:02:48 (1727 turns).

Valamore the Slasher (Demonspawn Monk)              Turns: 1727, Time: 00:02:49

Health: -4/37      AC: 10    Str: 11    XL:     4   Next: 25%
Magic:  4/4        EV:  8    Int: 11    God:
Gold:   159        SH:  0    Dex: 18    Spells: 3/3 levels left

rFire   . . .      SeeInvis .    a - +0 falchion
rCold   . . .      Faith    .    (no shield)
rNeg    . . .      Spirit   .    j - +0 ring mail
rPois   +          Reflect  .    (no helmet)
rElec   .          Harm     .    o - +2 cloak {rPois}
rCorr   .          Rampage  .    (no gloves)
Will    .....                    (no boots)
Stlth   +                        (no amulet)
HPRegen 0.26/turn                (no ring)
MPRegen 0.18/turn                (no ring)

@: flying, constricted
A: molten scales 1, magic regeneration, demonic magic 1
a: no special abilities


You were on level 3 of the Dungeon.
You visited 1 branch of the dungeon, and saw 3 of its levels.

You collected 159 gold pieces.

Inventory:

Hand Weapons
 a - a +0 falchion (weapon)
Missiles
 g - 4 poisoned darts (quivered)
Armour
 b - a +0 robe
 j - a +0 ring mail (worn)
 o - a +2 cloak of poison resistance (worn)
Jewellery
 e - a ring of poison resistance
 p - an amulet of faith
Scrolls
 f - 2 scrolls of silence
 k - a scroll of amnesia
 l - 2 scrolls of summoning {unknown}
 m - 2 scrolls of fear {unknown}
 n - a scroll of noise {unknown}
Potions
 d - 4 potions of attraction


   Skills:
 + Level 3.7 Fighting
 * Level 4.1 Long Blades
 - Level 2.6 Dodging
 - Level 1.7 Stealth


You had 3 spell levels left.
You didn't know any spells.
Your spell library contained the following spells:

 Spells                   Type           Power      Damage    Failure   Level
 Ensorcelled Hibernation  Hex/Ice        0%         N/A       78%         2
 Spider Form              Tmut/Pois      0%         N/A       95%         3
 Summon Guardian Golem    Hex/Summ       0%         N/A       95%         3
 Anguish                  Hex/Necr       0%         N/A       100%        4
 Orb of Destruction       Conj           0%         9d5       100%        7
 Spellforged Servitor     Conj/Summ      0%         N/A       100%        7


Dungeon Overview and Level Annotations

Branches:
Dungeon (3/15)

Altars:

Annotations:
D:2 exclusion: downstairs
D:3 Ijyb


Innate Abilities, Weirdness & Mutations

You are partially covered in molten scales. (AC +2)
You regenerate magic rapidly.
Spells you cast may paralyse adjacent enemies.


Message History

The ball python bites you but does no damage.
The ball python constricts you.
You hit Ijyb.
Ijyb is almost dead.
Ijyb hits you with a +0 club.
The ball python bites you but does no damage.
The ball python constricts you. The goblin hits you with a +0 club.
You barely miss Ijyb.
Ijyb is almost dead.
Ijyb hits you but does no damage.
The ball python bites you but does no damage.
The ball python constricts you. The goblin closely misses you.
Ijyb zaps a wand.
Your mind is blasted!
You closely miss Ijyb.
Ijyb is almost dead.
The ball python barely misses you. The ball python constricts you.
The goblin closely misses you.
Ijyb zaps a wand.
You barely resist. You closely miss Ijyb.
Ijyb is almost dead.
The ball python bites you but does no damage.
The ball python constricts you. The goblin hits you with a +0 club.
Ijyb zaps a wand.
Your mind is blasted!
* * * LOW HITPOINT WARNING * * *
The ball python barely misses you. The ball python constricts you.
You barely miss Ijyb.
Ijyb is almost dead.
The ball python barely misses you. The ball python constricts you.
The goblin barely misses you. Ijyb closely misses you.
It was a potion of flight.
You feel very buoyant.
You fly up into the air.
The ball python barely misses you. The ball python constricts you.
* * * LOW HITPOINT WARNING * * *
The goblin hits you but does no damage. Ijyb barely misses you.
You barely miss Ijyb.
Ijyb is almost dead.
The ball python barely misses you. The ball python constricts you.
* * * LOW HITPOINT WARNING * * *
The goblin hits you but does no damage.
Ijyb zaps a wand.
Your mind is blasted!
You die...

..##.#.##.~~≈~~≈≈≈≈≈# #..
..##.#...~≈≈.≈≈≈≈≈###
###.# ..##.####..≈≈~#####
#...# ..##.# #.~~~~...#
#.### ..##.# #~~~~....#
#.# ####.# #~~~~≈...#
##########'## #.≈~≈~...#
#...........# ##~~~~~.g.#
#...........# #..~~~..g@#
#...........#
......~~.~S.#
#...........# #
###.~≈~≈~~..#
#...........# ##
#...~~~...# #######'#####
.# #.~≈~≈~...# ##.# .#
###~~~~...########..######
.##
≈~~≈~...'...............
..#
≈≈≈≈~....########.#######
### #.#


You could see Ijyb, a goblin and a ball python.

Vanquished Creatures
  3 adders
  6 endoplasms
  A giant cockroach (D:1)
  5 goblins
  3 hobgoblins
  11 jackals (D:2)
  5 ball pythons
  7 bats
  6 frilled lizards
  A kobold (D:2)
  6 rats
54 creatures vanquished.

Notes
Turn   | Place    | Note
-------+----------+-------------------------------------------
     0 | D:1      | Valamore the Demonspawn Monk began the quest for the Orb.
     0 | D:1      | Reached XP level 1. HP: 18/18 MP: 1/1
   228 | D:1      | Reached skill level 3 in Long Blades
   345 | D:1      | Gained mutation: You regenerate magic rapidly. [demonic
                  | ancestry]
   345 | D:1      | Reached XP level 2. HP: 24/24 MP: 2/2
   755 | D:2      | Gained mutation: You are partially covered in molten
                  | scales. (AC +2) [demonic ancestry]
   755 | D:2      | Reached XP level 3. HP: 22/29 MP: 3/3
  1154 | D:2      | Found a faded altar of an unknown god.
  1269 | D:3      | Noticed Ijyb
  1316 | D:3      | Reached skill level 4 in Long Blades
  1450 | D:3      | Gained mutation: Spells you cast may paralyse adjacent
                  | enemies. [demonic ancestry]
  1450 | D:3      | Reached XP level 4. HP: 36/37 MP: 4/4
  1727 | D:3      | Blown up by Ijyb

Illustrated notes

Levels and vault maps discovered:
D:1:      lemuel_arrival_behind_the_door_large, layout_basic
D:2:      layout_rooms, hellmonk_ecumenical_altar_prayer_group
D:3:      layout_basic, mainiacjoe_overflow_alcove_1,
          chequers_serial_rivers_large_a, kennysheep_flooded_box, uniq_ijyb

Skill      XL: |  1  2  3 |
---------------+----------+-----
Long Blades    | 3 4 |  4.1
Fighting       | |  3.7
Dodging        | |  2.6
Stealth        | |  1.7

Action                     |  1- 3 |  4- 6 || total
---------------------------+-------+-------++-------
  Melee: Falchion          |   119 |    63 ||   182
  Throw: Dart              |     4 |       ||     4
    Use: Scroll            |     3 |       ||     3
         Potion            |       |     3 ||     3
   Stab: Sleeping          |     4 |       ||     4
 Armour: Robe              |    14 |       ||    14
         Ring mail         |    15 |    60 ||    75
  Dodge: Dodged            |    77 |    76 ||   153

Table legend: (Time is in decaauts)
 A = Elapsed time spent in this place.
 B = Non-inter-level travel time spent in this place.
 C = Inter-level travel time spent in this place.
 D = Time resting spent in this place.
 E = Time spent auto-exploring this place.
 F = Levels seen in this place.
 G = Mean time per level.
                   A        B        C        D        E       F      G
               +--------+--------+--------+--------+--------+-----+--------+
         Total |   1752 |   1713 |     39 |     18 |   1203 |   3 |  584.0 |
       Dungeon |   1752 |   1713 |     39 |     18 |   1203 |   3 |  584.0 |
               +--------+--------+--------+--------+--------+-----+--------+

Top non-repeatable levels by time:
     D:2: 701 daAuts
     D:1: 564 daAuts
     D:3: 487 daAuts
